 Dungeon Crawl Stone Soup version 0.18-a0-1702-gd20c6a5 (webtiles) character file.

221 Oddball22 the Bolt Thrower (level 5, 0/29 HPs)
             Began as a Vine Stalker Hunter on Apr 6, 2016.
             Succumbed to a worker ant's poison
             ... on level 4 of the Dungeon.
             The game lasted 00:04:54 (2694 turns).

Oddball22 the Bolt Thrower (Vine Stalker Hunter)    Turns: 2694, Time: 00:04:54

Health: 0/29       AC:  7    Str: 14    XL:     5   Next: 98%
Magic:  1/6        EV: 13    Int: 11    God:
Gold:   101        SH:  0    Dex: 16    Spells: 0 memorised, 4 levels left

rFire  . . .     SeeInvis .     y - +1 falchion (elec)
rCold  . . .     Gourm    .     c - +0 leather armour
rNeg   . . .     Faith    .     (no shield)
rPois  .         Spirit   +     (no helmet)
rElec  .         Dismiss  .     n - +2 cloak
rCorr  .         Reflect  .     m - +0 pair of gloves (curse)
SustAt .         Harm     .     (no boots)
MR     .....                    (no amulet)
Stlth  ++........               (no ring)
                                (no ring)

@: lethally poisoned (0 -> -1), not resistant to hostile enchantments,
unstealthy
A: fangs 2, regeneration 1, magic shield, antimagic bite, no device heal 3, rot
immunity
a: no special abilities


You were on level 4 of the Dungeon.
You were near starving.

You visited 1 branch of the dungeon, and saw 4 of its levels.

You collected 101 gold pieces.

Inventory:

Hand Weapons
 a - a +1 hand crossbow
 g - a +0 hand axe
 x - a +3 dagger
 y - a +1 falchion of electrocution (weapon)
Missiles
 d - 19 bolts
Armour
 c - a +0 leather armour (worn)
 m - a cursed +0 pair of gloves (worn)
 n - a +2 cloak (worn)
Wands
 q - a wand of flame (27/48)
 s - a wand of digging (9/24)
Scrolls
 e - a scroll of random uselessness {unknown}
 i - 3 scrolls of teleportation {unknown}
 l - 3 scrolls of magic mapping {unknown}
 p - 4 scrolls of identify {unknown}
 v - a scroll of amnesia {unknown}
 w - 2 scrolls of fear {unknown}
 z - 2 scrolls of noise {unknown}
 A - a scroll of enchant weapon {unknown}
Potions
 h - 3 potions of curing {unknown}
 j - 2 potions of cancellation {unknown}
 k - a potion of might {unknown}
 u - 3 potions of agility {unknown}
Comestibles
 f - 3 bread rations
 o - a beef jerky
 r - 3 fruits
 t - a meat ration


   Skills:
 * Level 4.1 Fighting
 + Level 4.2 Crossbows
 + Level 2.8 Dodging
 - Level 1.2 Stealth


You had 4 spell levels left.
You didn't know any spells.

Dungeon Overview and Level Annotations

Branches:
Dungeon (4/15)
 Temple: D:4-7

Altars:


Innate Abilities, Weirdness & Mutations

You have extremely sharp teeth.
Your natural rate of healing is unusually fast.
When hurt, damage is shared between your health and your magic reserves.
Your bite disrupts and absorbs the magic of your enemies.
Potions and wands cannot restore your health.
You are immune to rotting.


Message History

You feel sick. The worker ant bites you. The orc completely misses you.
The worker ant bites you.
You barely miss the worker ant.
The worker ant is almost dead.
You feel sick.
The orc hits you from afar with a trident.
* * * LOW HITPOINT WARNING * * *
The worker ant bites you.
You slash the worker ant!
You kill the worker ant!
Your Fighting skill increases to level 4!
You feel sick.
The orc hits you from afar with a trident!
* * * LOW HITPOINT WARNING * * *
The orc barely misses you.
* * * LOW HITPOINT WARNING * * *
You feel sick.
* * * LOW HITPOINT WARNING * * *
You feel sick.
You die...

##### ##...##
#########
##.....###.......#
#.......##.#####
#.......oo.o)..#
#.......##.###...#
##.....###.# .....
##.>.## #.# o..#
##@## #.# #.# #.#
#.. # #.# ### #.#
#.# #.# #.## #..##
##...####


You could see 2 orcs.

Vanquished Creatures
  A phantom (D:3)
  A worker ant (D:4)
  3 adders
  An ooze (D:3)
  A worm (D:3)
  A dart slug (D:1)
  2 giant geckos
  8 orcs
  A bat (D:1)
  A bat zombie (D:1)
  4 giant cockroaches
  5 goblins
  8 hobgoblins
  6 kobolds
  A ball python (D:3)
  A giant gecko zombie (D:1)
  A giant newt (D:3)
  12 rats
58 creatures vanquished.

Notes
Turn   | Place    | Note
--------------------------------------------------------------
     0 | D:1      | Oddball22 the Vine Stalker Hunter began the quest for the Orb.
     0 | D:1      | Reached XP level 1. HP: 11/11 MP: 2/2
   141 | D:1      | Reached XP level 2. HP: 15/15 MP: 3/3
   742 | D:2      | Reached XP level 3. HP: 19/19 MP: 4/4
  1492 | D:2      | Reached XP level 4. HP: 23/23 MP: 5/5
  1718 | D:3      | Noticed a phantom
  1758 | D:3      | Killed a phantom
  1758 | D:3      | Reached XP level 5. HP: 19/29 MP: 2/6
  2687 | D:4      | HP: 1/29 [orc/trident (6)]
  2694 | D:4      | Succumbed to a worker ant's poison

Vault maps used:
D:1:      saegor_arrival_fortress, serial_bayou_pond_d
D:4:      first_bread

Skill      XL: |  1  2  3  4  5 |
---------------+----------------+-----
Fighting       | 2 3 4 |  4.1
Dodging        | 2 |  2.8
Crossbows      | 4 |  4.2
Stealth        | |  1.2

Action                   |  1- 3 |  4- 6 || total
-------------------------+-------+-------++-------
Melee: Short sword       |    71 |    60 ||   131
       Hand axe          |    16 |       ||    16
       Falchion          |       |    45 ||    45
       Dagger            |       |     1 ||     1
 Fire: Hand crossbow     |     2 |     3 ||     5
 Stab: Sleeping          |     2 |     4 ||     6
  Eat: Chunk             |     2 |     2 ||     4
